 Dungeon Crawl Stone Soup version 0.17-b1-25-g6d8775f (webtiles) character file.

109518 glosham the Cruncher (level 15, -11/121 HPs)
             Began as a Demigod Earth Elementalist on Nov 3, 2015.
             Mangled by a reaper
             ... wielding a +6 scythe of slicing
             ... summoned by a lich
              (21 damage)
             ... on level 1 of the Abyss on Nov 6, 2015.
             The game lasted 12:15:22 (30618 turns).

glosham the Cruncher (Demigod Earth Elementalist)  Turns: 30618, Time: 12:15:22

Health: -11/121    AC: 26    Str: 15    XL:     15   Next: 56%
Magic:  11/11      EV: 18    Int: 29    God:
Gold:   1313       SH:  0    Dex: 21    Spells: 11 memorised, 3 levels left

rFire  + . .     SeeInvis +     c - +12 hand axe "Yligh" {antimagic, rF+}
rCold  + + .     Clarity  .     X - +3 ice dragon armour
rNeg   + . .     SustAt   +     (no shield)
rPois  .         Gourm    .     U - +2 helmet
rElec  .         Spirit   .     Y - +0 cloak
rCorr  .         Warding  +     V - +1 pair of gloves
rMut   .         Stasis   .     W - +1 pair of boots {Stlth+}
MR     ++...                    z - amulet of warding
Stlth  +++.......               B - ring of wizardry
                                A - ring of Fanaticism {rF+ MR+ Str+4 SInv}

@: agile, stone skin, repel missiles, very resistant to hostile enchantments,
fairly stealthy
A: high mp 1, sustain attributes
a: no special abilities


You were on level 1 of the Abyss.
You were not hungry.

You visited 3 branches of the dungeon, and saw 27 of its levels.
You visited the Abyss 1 time.
You also visited: Ice Cave and Volcano.

You collected 3052 gold pieces.
You spent 1739 gold pieces at shops.

Inventory:

Hand Weapons
 a - a +6 quarterstaff of chaos
 c - the +12 hand axe "Yligh" (weapon) {antimagic, rF+}
   (You found it on level 9 of the Dungeon)

   It disrupts the flow of magical energy around spellcasters and certain
   magical creatures (including the wielder).
   It protects you from fire.
 K - a +1 mace of venom
 Q - a +0 vampiric battleaxe
Armour
 L - a +0 chain mail of poison resistance
 T - the +2 ring mail of Trog's Fury {+Blink rPois rN+ Int-5}
   (You found it on level 5 of the Dungeon)

   It affects your intelligence (-5).
   It protects you from poison.
   It protects you from negative energy.
   It lets you blink.
 U - a +2 helmet (worn)
 V - a +1 pair of gloves (worn)
 W - a +1 pair of boots of stealth (worn)
 X - a +3 ice dragon armour (worn)
 Y - a +0 cloak (worn)
 Z - a +2 buckler of reflection
Magical Staves
 b - an uncursed staff of air
Jewellery
 y - an uncursed amulet of stasis
 z - an amulet of warding (around neck)
 A - the ring of Fanaticism (left hand) {rF+ MR+ Str+4 SInv}
   (You found it on level 9 of the Dungeon)

   [ring of see invisible]

   It affects your strength (+4).
   It protects you from fire.
   It affects your resistance to hostile enchantments.
   It lets you see invisible.
 B - a ring of wizardry (right hand)
 D - an uncursed ring of protection from fire
 E - the ring "Asickao" {SustAt rElec MR+ SInv}
   (You found it on level 5 of the Lair of Beasts)

   [ring of sustain attributes]

   It sustains your strength, intelligence and dexterity.
   It insulates you from electricity.
   It affects your resistance to hostile enchantments.
   It lets you see invisible.
 F - an uncursed ring of flight
 N - an uncursed ring of ice
 P - an uncursed ring of protection from cold
Wands
 g - a wand of teleportation (5)
 h - a wand of digging (19)
 i - a wand of disintegration (9)
 j - a wand of fire (2)
Scrolls
 k - 6 scrolls of teleportation
 l - 5 scrolls of blinking
 m - 2 scrolls of fog
 n - a scroll of fear
 o - 12 scrolls of remove curse
 p - 2 scrolls of identify
 q - 6 scrolls of magic mapping
 C - 4 scrolls of immolation
Potions
 d - 2 potions of ambrosia
 e - 2 potions of lignification
 r - 11 potions of curing
 s - a potion of heal wounds
 t - 2 potions of haste
 u - a potion of resistance
 v - 3 potions of magic
 w - 4 potions of agility
 x - a potion of might
 G - 7 potions of brilliance
 H - a potion of invisibility
Books
 M - a book of Ice

   Spells                             Type                      Level
   a - Ice Form                       Ice/Transmutation            4
   b - Metabolic Englaciation         Hexes/Ice                    5
   c - Ozocubu's Refrigeration        Ice                          6
   d - Bolt of Cold                   Conjuration/Ice              6
   e - Freezing Cloud                 Conjuration/Ice/Air          6
   f - Simulacrum                     Ice/Necromancy               6
Miscellaneous
 I - a fan of gales
Comestibles
 f - 13 meat rations


   Skills:
 - Level 8.3 Fighting
 * Level 0.0 Axes
 - Level 12.2 Staves
 - Level 6.0 Armour
 - Level 6.0 Dodging
 - Level 1.7 Stealth
 - Level 10.8 Spellcasting
 - Level 1.5 Conjurations
 - Level 3.1 Charms
 - Level 2.1 Necromancy
 - Level 6.3 Translocations
 - Level 4.6 Transmutations
 - Level 10.4 Air Magic
 - Level 9.4 Earth Magic
 - Level 7.0 Evocations


You had 3 spell levels left.
You knew the following spells:

 Your Spells              Type           Power        Failure   Level  Hunger
b - Blink                 Tloc           N/A          1%          2    None
d - Repel Missiles        Chrm/Air       ######       1%          2    None
e - Airstrike             Air            ######....   1%          4    None
g - Passage of Golubria   Tloc           N/A          4%          4    None
l - Lee's Rapid Deconstr  Erth           ######....   4%          5    ###....
p - Petrify               Trmt/Erth      ######..     4%          4    None
q - Magic Dart            Conj           ####         4%          1    None
r - Regeneration          Chrm/Necr      ####......   7%          3    None
s - Stoneskin             Trmt/Erth      ######..     1%          2    None
w - Passwall              Trmt/Erth      ######....   1%          3    None
z - Shroud of Golubria    Chrm/Tloc      #####.....   1%          2    None


Dungeon Overview and Level Annotations

Branches:
Dungeon (15/15)            Temple (0/1) D:7            Lair (8/8) D:8
  Swamp (0/4) Lair:6        Snake (0/4) Lair:5        Slime (0/6) Lair:8
    Orc (4/4) D:10         Vaults (0/5) D:14         Depths (0/5) D:15
    Elf: Orc:3-4

Shops:
D:5 [[}*   D:8 !(:[


Innate Abilities, Weirdness & Mutations

You have an increased reservoir of magic (+10% MP).
Your attributes are resistant to harm.


Message History

You closely miss the large abomination.
The large abomination hits you but does no damage.
The lich casts a spell.
The Shadow Fiend calls on the powers of darkness!
Your body is wracked with pain!
You hit the lich.
The lich's magic leaks into the air.
The lich is lightly damaged.
You hit the large abomination but do no damage.
The large abomination hits you!!
The lich touches you but does no damage.
The Shadow Fiend calls on the powers of darkness!
Your body is wracked with pain!
* * * LOW HITPOINT WARNING * * *
A tentacled starspawn comes into view.
You closely miss the lich.
The lich is lightly damaged.
You barely miss the large abomination. You hit the large abomination.
The large abomination is lightly damaged.
The tormentor calls on the powers of darkness!
Your body is wracked with pain!
* * * LOW HITPOINT WARNING * * *
The large abomination closely misses you.
The lich casts a spell.
The large abomination closely misses you.
The large abomination completely misses you.
The lich touches you but does no damage.
You hit the lich.
The lich's magic leaks into the air.
The lich is lightly damaged.
You hit the large abomination.
The large abomination is lightly damaged.
You hit the large abomination.
The large abomination is lightly damaged.
The Shadow Fiend calls on the powers of darkness!
Your body is wracked with pain!
* * * LOW HITPOINT WARNING * * *
The large abomination closely misses you.
The large abomination completely misses you.
The lich touches you but does no damage.
The reaper hits you from afar with a scythe of slicing!!
You die...

.. ..... .. .....
#.#####....... .
###................
..#..........#.... ..
................ ..
#..............#..##
.......WXW............
...#..@#...###........
###.LX##W............
....2X2§..#.......#
.....#.1R§X.# .....
.#..#....§..#
#...#.#...
#....###§..#. .....# .
#..##. §...#. .....#
#. ......#.#(..#.#
......# . .. .#


You could see a tentacled monstrosity, a Shadow Fiend, a lich, a reaper, 2 large
abominations, a tormentor, an efreet, a phantom and a wraith.

Vanquished Creatures
  Rupert (D:14)
  A frost giant (IceCv)
  Nessos (D:14)
  Josephine (D:12)
  6 hydras
  4 centaur warriors
  A queen ant (shapeshifter) (D:15)
  An anaconda (shapeshifter) (Lair:7)
  10 death yaks
  4 tengu warriors
  Nergalle (Orc:1)
  2 unseen horrors (shapeshifter)
  3 unseen horrors
  5 large abominations (Abyss:1)
  A necromancer (D:15)
  10 hill giants
  A deep elf conjurer (D:15)
  A wolf spider (shapeshifter) (Lair:8)
  A faun (shapeshifter) (D:14)
  3 orc knights
  A cyclops (shapeshifter) (D:15)
  An oklob plant (Lair:4)
  2 griffons
  An ugly thing (D:12)
  A water nymph (shapeshifter) (D:12)
  2 wizards (D:15)
  2 manticores (D:12)
  6 elephants (Lair:7)
  5 black mambas
  10 cyclopes
  3 orc sorcerers
  8 centaur zombies
  An ice statue (IceCv)
  5 centaur skeletons
  A gargoyle (D:10)
  A spiny frog (shapeshifter) (D:14)
  9 spiny frogs
  An efreet (Abyss:1)
  3 kobold demonologists
  8 komodo dragons
  2 fire drakes
  A redback zombie (D:15)
  2 spriggan druids (Lair:8)
  2 tengu conjurers (D:15)
  A queen bee (Lair:5)
  A wolf spider simulacrum (D:12)
  A polar bear (shapeshifter) (D:10)
  4 trolls
  19 polar bears
  17 blink frogs
  A harpy skeleton (D:15)
  5 slime creatures (D:13)
  6 deep elf magi
  A shadow (D:15)
  8 two-headed ogres
  5 wraiths
  3 wyverns
  A ynoxinul (Abyss:1)
  10 spriggans (Lair:8)
  2 redbacks (Lair:8)
  36 yaks
  A trapdoor spider (D:14)
  5 basilisks
  A yak (shapeshifter) (Abyss:1)
  5 small abominations (Abyss:1)
  38 wolves
  8 hippogriffs
  A hungry ghost (D:15)
  A hippogriff (shapeshifter) (D:14)
  Edmund (D:6)
  A mottled dragon (D:13)
  3 wargs
  2 vampire mosquitoes (D:13)
  14 water moccasins
  Duvessa (D:6)
  6 eyes of draining
  28 orc warriors
  A naga (Lair:5)
  14 ice beasts
  26 ogres
  10 black bears
  10 porcupines
  A necrophage (D:10)
  9 boggarts
  3 wasps
  26 centaurs
  18 crocodiles
  11 giant frogs
  2 big kobolds
  A wyvern zombie (D:13)
  Dowan (D:6)
  A water moccasin skeleton (D:5)
  A vampire bat (D:11)
  3 scorpions
  14 killer bees
  The ghost of SaintRoka the Slasher, a weakling HEBe of Trog (D:4)
  An electric eel (Lair:6)
  4 wights (D:15)
  3 giant frog zombies
  33 orc wizards
  10 crimson imps
  28 orc priests
  4 jellies
  Crazy Yiuf (D:7)
  2 quasits
  Ijyb (D:2)
  A giant frog skeleton (D:7)
  8 iguanas
  Terence (D:3)
  6 hounds
  Natasha (D:2)
  9 sheep
  17 worker ants
  A hound zombie (D:11)
  Robin (D:2)
  89 river rats
  11 adders
  6 shadow imps
  2 oozes
  An ufetubus (Abyss:1)
  2 adder skeletons
  2 worms (D:2)
  6 giant geckos
  A giant gecko (shapeshifter) (D:15)
  204 orcs
  2 ball pythons
  11 giant cockroaches
  18 goblins
  14 hobgoblins
  17 kobolds
  7 quokkas
  A ball python skeleton (D:5)
  16 bats
  A giant cockroach zombie (D:5)
  6 giant newts
  18 jackals
  A quokka skeleton (D:8)
  A quokka zombie (D:7)
  12 rats
  15 fungi
  2 plants (D:9)
1124 creatures vanquished.

Vanquished Creatures (others)
  A hydra (D:13)
  A polar bear (IceCv)
  2 yaks
  A swamp drake (D:10)
  4 sheep (D:6)
  A river rat (Lair:5)
  2 orcs (Orc:1)
  15 fungi
  11 plants
38 creatures vanquished.

Grand Total: 1162 creatures vanquished

Notes
Turn   | Place    | Note
--------------------------------------------------------------
     0 | D:1      | glosham the Demigod Earth Elementalist began the quest for the Orb.
     0 | D:1      | Reached XP level 1. HP: 14/14 MP: 5/5
   137 | D:1      | Reached skill level 3 in Earth Magic
   211 | D:1      | Reached XP level 2. HP: 12/20 MP: 2/7
   430 | D:1      | You fall through a shaft!
   513 | D:2      | Found an iron altar of Okawaru.
   594 | D:2      | Noticed Ijyb
   595 | D:2      | Noticed Robin
   710 | D:1      | Reached XP level 3. HP: 22/26 MP: 2/8
   753 | D:1      | Reached skill level 4 in Earth Magic
  1610 | D:2      | Killed Ijyb
  1610 | D:2      | Reached XP level 4. HP: 20/33 MP: 0/9
  1779 | D:2      | Noticed Natasha
  1824 | D:2      | Killed Natasha
  1824 | D:2      | Reached skill level 5 in Earth Magic
  2109 | D:3      | Reached XP level 5. HP: 38/38 MP: 10/10
  2477 | D:3      | Noticed an ice beast
  2487 | D:3      | Killed an ice beast
  2487 | D:3      | Reached skill level 6 in Earth Magic
  2591 | D:2      | Learned a level 5 spell: Lee's Rapid Deconstruction
  2632 | D:3      | Noticed Terence
  2647 | D:3      | Killed Terence
  2661 | D:3      | Reached XP level 6. HP: 42/45 MP: 0/11
  2748 | D:2      | Learned a level 2 spell: Stoneskin
  3171 | D:4      | Noticed SaintRoka's ghost (weakling HEBe)
  3177 | D:4      | Killed SaintRoka's ghost
  3177 | D:4      | Reached skill level 7 in Earth Magic
  3222 | D:2      | Killed Robin
  3414 | D:4      | Reached skill level 2 in Spellcasting
  3610 | D:4      | Reached skill level 3 in Spellcasting
  3610 | D:4      | Reached XP level 7. HP: 38/50 MP: 9/14
  3620 | D:4      | Learned a level 4 spell: Petrify
  3969 | D:5      | Entered Level 5 of the Dungeon
  3971 | D:5      | Reached skill level 1 in Transmutations
  4254 | D:5      | Got a faintly glowing ring mail
  4318 | D:4      | Identified the +2 ring mail of Trog's Fury {+Blink rPois rN+ Int-5} (You found it on level 5 of the Dungeon)
  4354 | D:5      | Found Yggass's Antique Armour Shoppe.
  4366 | D:5      | Bought a pair of glowing boots for 85 gold pieces
  4366 | D:5      | Bought a pair of runed gloves for 85 gold pieces
  4437 | D:5      | Reached skill level 4 in Spellcasting
  4542 | D:5      | Found a snail-covered altar of Cheibriados.
  4557 | D:5      | Reached skill level 1 in Fighting
  4582 | D:5      | Found Sosk's Gadget Shoppe.
  4619 | D:5      | Found Enuase's Armour Emporium.
  4647 | D:5      | Found a sacrificial altar of Ru.
  4725 | D:5      | Reached skill level 2 in Fighting
  4766 | D:5      | Found Uder's Assorted Antiques.
  4812 | D:5      | Bought a scroll labeled HUNTEPN GUTU for 21 gold pieces
  4812 | D:5      | Bought 2 puce potions for 37 gold pieces
  4812 | D:5      | Bought a scroll labeled HUNTEPN GUTU for 21 gold pieces
  4812 | D:5      | Bought a pink potion for 18 gold pieces
  4845 | D:5      | Reached skill level 3 in Fighting
  4845 | D:5      | Reached XP level 8. HP: 60/63 MP: 17/17
  5031 | D:4      | Learned a level 3 spell: Passwall
  5103 | D:5      | Reached skill level 2 in Transmutations
  5527 | D:6      | Found a shimmering altar of Xom.
  5620 | D:6      | Noticed Duvessa
  5629 | D:6      | Noticed Dowan
  5941 | D:6      | Noticed Edmund
  5963 | D:6      | Reached skill level 8 in Earth Magic
  6011 | D:6      | Killed Edmund
  6186 | D:6      | Killed Dowan
  6198 | D:6      | Killed Duvessa
  6198 | D:6      | Reached skill level 3 in Transmutations
  6632 | D:7      | Noticed Crazy Yiuf
  6636 | D:7      | Killed Crazy Yiuf
  6776 | D:7      | Found a blossoming altar of Fedhas.
  6820 | D:7      | Reached skill level 1 in Staves
  7040 | D:7      | Reached skill level 2 in Staves
  7152 | D:7      | Found a staircase to the Ecumenical Temple.
  7167 | D:8      | Found a blossoming altar of Fedhas.
  7178 | D:8      | Reached skill level 3 in Staves
  7178 | D:8      | Reached XP level 9. HP: 71/71 MP: 19/19
  7275 | D:7      | Reached skill level 4 in Staves
  7361 | D:8      | Found Etwa's Book Emporium.
  7380 | D:8      | Found Giseag's Antique Armour Shoppe.
  7463 | D:8      | Found a staircase to the Lair.
  7492 | D:8      | Found a sparkling altar of Nemelex Xobeh.
  7494 | D:8      | Found a bloodstained altar of Trog.
  7511 | D:8      | Found a basalt altar of Yredelemnul.
  7511 | D:8      | Found a radiant altar of Vehumet.
  7511 | D:8      | Found a stormy altar of Qazlal.
  7513 | D:8      | Found a deep blue altar of Sif Muna.
  7563 | D:8      | Reached skill level 5 in Staves
  7634 | D:8      | Found Naroomn's Weapon Shoppe.
  7679 | D:8      | Found an opulent altar of Gozag.
  7746 | D:8      | Found a blossoming altar of Fedhas.
  7846 | D:8      | Found an opulent altar of Gozag.
  7859 | D:8      | Found Nogi's Distillery.
  7868 | D:8      | Reached skill level 6 in Staves
  7878 | D:8      | Found a glowing golden altar of the Shining One.
  7997 | D:8      | Bought a book of Minor Magic for 280 gold pieces
  8000 | D:8      | Learned a level 2 spell: Blink
  8130 | D:9      | Identified Tyujy's Reference Book on Congealing Augmentations
  8430 | D:9      | Got a slimy lapis lazuli ring
  8431 | D:9      | Identified the ring of Fanaticism {rF+ MR+ Str+4 SInv} (You found it on level 9 of the Dungeon)
  8447 | D:9      | Identified the Catalogue of Dislocation and the Birds
  8489 | D:9      | Reached skill level 1 in Translocations
  8549 | D:9      | Reached skill level 5 in Spellcasting
  8737 | D:9      | Got a scorched hand axe
  8776 | D:9      | Reached skill level 2 in Translocations
  8840 | D:9      | Reached skill level 1 in Armour
  8850 | D:9      | Found an iron altar of Okawaru.
  8856 | D:9      | Found an iron altar of Okawaru.
  8920 | D:9      | Found a glowing silver altar of Zin.
  8981 | D:9      | Learned a level 2 spell: Repel Missiles
  9142 | D:9      | Reached skill level 1 in Charms
  9142 | D:9      | Reached skill level 1 in Air Magic
  9363 | D:10     | Entered Level 10 of the Dungeon
  9403 | D:10     | Reached skill level 2 in Armour
  9414 | D:10     | Reached XP level 10. HP: 62/78 MP: 22/22
  9442 | D:10     | Noticed an unseen horror
  9446 | D:10     | Killed an unseen horror
  9446 | D:10     | Reached skill level 2 in Charms
  9446 | D:10     | Reached skill level 2 in Air Magic
  9507 | D:10     | Noticed an unseen horror
  9511 | D:10     | Killed an unseen horror
  9511 | D:10     | Reached skill level 3 in Armour
  9511 | D:10     | Reached skill level 6 in Spellcasting
  9619 | D:10     | Noticed a cyclops
  9636 | D:10     | Killed a cyclops
  9636 | D:10     | Reached skill level 4 in Armour
  9787 | D:10     | Noticed a hill giant
  9881 | D:10     | Noticed a hill giant
  9896 | D:10     | Killed a hill giant
  9896 | D:10     | Reached skill level 5 in Armour
  9896 | D:10     | Reached skill level 7 in Spellcasting
 10064 | D:10     | Killed a hill giant
 10186 | D:10     | Found a staircase to the Orcish Mines.
 10192 | D:10     | Reached skill level 6 in Armour
 10240 | D:10     | Identified the +12 hand axe "Yligh" {antimagic, rF+} (You found it on level 9 of the Dungeon)
 10249 | Orc:1    | Entered Level 1 of the Orcish Mines
 10433 | Orc:1    | Reached skill level 4 in Fighting
 10727 | D:5      | Bought a wand of digging (6) for 260 gold pieces
 10804 | D:8      | Learned a level 4 spell: Passage of Golubria
 10806 | D:8      | Learned a level 1 spell: Magic Dart
 10807 | Lair:1   | Entered Level 1 of the Lair of Beasts
 10912 | Lair:1   | Reached XP level 11. HP: 84/84 MP: 24/26
 11631 | Lair:2   | Reached skill level 1 in Conjurations
 11631 | Lair:2   | Reached skill level 3 in Translocations
 12160 | Lair:3   | Noticed an unseen horror
 12160 | Lair:3   | a blink frog changed into an unseen horror
 12167 | Lair:3   | Killed an unseen horror
 12167 | Lair:3   | Reached skill level 8 in Spellcasting
 12346 | Lair:3   | Reached skill level 2 in Dodging
 12796 | Lair:3   | Reached skill level 5 in Fighting
 13003 | Lair:4   | HP: 6/86 [spiny frog (16)]
 13027 | Lair:4   | HP: 6/86 [crocodile (11)]
 13033 | Lair:4   | Reached skill level 9 in Earth Magic
 13035 | Lair:4   | Reached skill level 4 in Transmutations
 13222 | Lair:4   | Reached skill level 3 in Dodging
 13222 | Lair:4   | Reached skill level 4 in Translocations
 13385 | Lair:4   | Noticed a seven-headed hydra
 13401 | Lair:4   | Killed a seven-headed hydra
 13638 | Lair:4   | Noticed a death yak
 13660 | Lair:4   | Killed a death yak
 13833 | Lair:4   | Reached skill level 7 in Staves
 13908 | Lair:4   | Noticed a death yak
 13908 | Lair:4   | Noticed a death yak
 13949 | Lair:3   | HP: 1/88 [death yak (20)]
 13964 | Lair:2   | Noticed a seven-headed hydra
 14332 | Lair:2   | Killed a seven-headed hydra
 14482 | Lair:3   | Killed a death yak
 14680 | Lair:4   | Reached XP level 12. HP: 93/95 MP: 23/28
 14769 | Lair:4   | Killed a death yak
 15188 | Lair:5   | Reached skill level 4 in Dodging
 15324 | Lair:5   | Reached skill level 6 in Fighting
 15336 | Lair:5   | Reached skill level 5 in Translocations
 15419 | Lair:5   | Got a fine glaive
 15633 | Lair:5   | Got a flickering tin ring
 15635 | Lair:5   | Identified the ring "Asickao" {SustAt rElec MR+ SInv} (You found it on level 5 of the Lair of Beasts)
 15728 | Lair:5   | Noticed a four-headed hydra
 15736 | Lair:5   | Killed a four-headed hydra
 16022 | Lair:5   | Found a staircase to the Snake Pit.
 16135 | D:8      | Identified the +1 glaive of the Sugar Beet {flame, rN+} (You found it on level 5 of the Lair of Beasts)
 16519 | Orc:2    | Found a dark tunnel.
 16536 | Volcano  | Entered a volcano
 17105 | Orc:1    | Reached skill level 9 in Spellcasting
 17108 | Orc:1    | Noticed Nergalle
 17158 | Orc:1    | Killed Nergalle
 17158 | Orc:1    | Reached skill level 5 in Dodging
 17550 | D:8      | Bought a book of Battle for 560 gold pieces
 17554 | D:8      | Learned a level 3 spell: Regeneration
 17557 | D:8      | Learned a level 2 spell: Shroud of Golubria
 17628 | D:5      | Bought a scroll of remove curse for 63 gold pieces
 17628 | D:5      | Bought a scroll of fog for 42 gold pieces
 17628 | D:5      | Bought a scroll of blinking for 157 gold pieces
 17714 | D:8      | Bought a potion of haste for 110 gold pieces
 17980 | Lair:6   | Reached skill level 1 in Necromancy
 18113 | Lair:6   | Reached skill level 8 in Staves
 18133 | Lair:6   | Upgraded the game from 0.17-b1-15-g0f5fb43 to 0.17-b1-20-g63edfd6
 18166 | Lair:6   | Reached skill level 3 in Charms
 18416 | Lair:6   | Found a staircase to the Swamp.
 18570 | Lair:6   | Reached skill level 2 in Necromancy
 18852 | Lair:6   | Reached skill level 6 in Translocations
 18852 | Lair:6   | Reached XP level 13. HP: 85/104 MP: 14/30
 18952 | Lair:7   | Reached skill level 7 in Fighting
 19205 | Lair:7   | Reached skill level 9 in Staves
 19205 | Lair:7   | Reached skill level 6 in Dodging
 19912 | Lair:7   | Reached skill level 10 in Spellcasting
 20001 | Lair:8   | Entered Level 8 of the Lair of Beasts
 20075 | Lair:7   | Reached skill level 10 in Staves
 20115 | Lair:8   | Found a viscous altar of Jiyva.
 20115 | Lair:8   | Found a staircase to the Slime Pits.
 21574 | Lair:8   | Got an ichor-stained morningstar
 21581 | Lair:8   | Identified the +3 morningstar of Buusoaqe {drain, rC+ Int+2 Dex+4} (You found it on level 8 of the Lair of Beasts)
 22165 | D:11     | Reached skill level 11 in Staves
 22185 | D:11     | Found a radiant altar of Vehumet.
 22762 | D:12     | Reached XP level 14. HP: 113/113 MP: 30/33
 23627 | D:12     | Reached skill level 12 in Staves
 23681 | D:12     | Reached skill level 3 in Air Magic
 23714 | D:12     | Reached skill level 1 in Evocations
 23734 | D:12     | Noticed Josephine
 23742 | D:12     | Killed Josephine
 23796 | D:12     | Reached skill level 2 in Evocations
 24139 | D:11     | Reached skill level 4 in Air Magic
 24198 | D:13     | Reached skill level 3 in Evocations
 24498 | D:13     | Reached skill level 5 in Air Magic
 24551 | D:13     | Reached skill level 4 in Evocations
 25044 | D:14     | Found a gate to the Vaults.
 25138 | D:14     | Noticed Rupert
 25139 | D:14     | Paralysed by Rupert for 7 turns
 25441 | D:14     | Killed Rupert
 25441 | D:14     | Reached skill level 6 in Air Magic
 25441 | D:14     | Reached skill level 5 in Evocations
 25894 | D:14     | Noticed Nessos
 25902 | D:14     | Killed Nessos
 26398 | D:15     | Entered Level 15 of the Dungeon
 26596 | D:15     | Reached skill level 7 in Air Magic
 26596 | D:15     | Reached skill level 6 in Evocations
 27094 | D:14     | Learned a level 4 spell: Airstrike
 27262 | D:15     | Found a glowing golden altar of the Shining One.
 27508 | D:15     | Reached XP level 15. HP: 104/118 MP: 0/34
 27524 | D:15     | Upgraded the game from 0.17-b1-20-g63edfd6 to 0.17-b1-25-g6d8775f
 27638 | D:15     | Reached skill level 8 in Air Magic
 27682 | D:15     | Found a staircase to the Depths.
 27844 | D:15     | Reached skill level 7 in Evocations
 28374 | Orc:3    | Found a frozen archway.
 28487 | IceCv    | Entered an ice cave
 28508 | IceCv    | Reached skill level 9 in Air Magic
 29054 | IceCv    | Reached skill level 10 in Air Magic
 29152 | IceCv    | Got a fine short sword
 29155 | IceCv    | Identified the +6 short sword "Jootam" {pierce, rF- MP+9 Str+7} (You found it in an ice cave)
 29893 | Orc:4    | Entered Level 4 of the Orcish Mines
 30178 | Orc:4    | Cast into the Abyss (an ogre mage)
 30375 | Abyss:1  | Reached skill level 8 in Fighting
 30537 | Abyss:1  | Found a corrupted altar of Lugonu.
 30607 | Abyss:1  | Noticed a lich
 30610 | Abyss:1  | Noticed a tentacled monstrosity
 30614 | Abyss:1  | Noticed a Shadow Fiend
 30617 | Abyss:1  | Noticed a tentacled starspawn
 30618 | Abyss:1  | HP: 10/121 [???[a lich] (6)]
 30618 | Abyss:1  | Mangled by a reaper

Action                   |  1- 3 |  4- 6 |  7- 9 | 10-12 | 13-15 || total
-------------------------+-------+-------+-------+-------+-------++-------
Melee: Whip              |    48 |     4 |       |       |       ||    52
       Dagger            |       |    69 |    60 |       |       ||   129
       Quarterstaff      |       |       |   262 |  1110 |  1947 ||  3319
       Hand axe          |       |       |       |     3 |    26 ||    29
       Staff             |       |       |       |       |   180 ||   180
 Fire: Arbalest          |       |       |     4 |       |       ||     4
Throw: Tomahawk          |       |     4 |     3 |       |       ||     7
 Cast: Sandblast         |   103 |    80 |   127 |    37 |    20 ||   367
       Lee's Rapid Decon |       |       |    11 |    83 |   125 ||   219
       Petrify           |       |       |    10 |    60 |    27 ||    97
       Passwall          |       |       |    11 |     4 |     2 ||    17
       Stoneskin         |       |       |     4 |    79 |   132 ||   215
       Repel Missiles    |       |       |     1 |     2 |     8 ||    11
       Blink             |       |       |       |    23 |    18 ||    41
       Regeneration      |       |       |       |     3 |    91 ||    94
       Magic Dart        |       |       |       |     2 |    12 ||    14
       Passage of Golubr |       |       |       |     1 |     7 ||     8
       Shroud of Golubri |       |       |       |       |    53 ||    53
       Airstrike         |       |       |       |       |    15 ||    15
 Abil: Evoke Flight      |       |       |     3 |       |       ||     3
       Stop Flying       |       |       |     1 |       |       ||     1
Evoke: Wand              |       |       |       |     3 |    18 ||    21
  Use: Scroll            |       |    11 |    14 |    14 |    10 ||    49
       Potion            |       |       |       |     7 |     1 ||     8
 Stab: Sleeping          |     4 |     1 |     9 |     1 |       ||    15
       Petrified         |       |       |     6 |    34 |    21 ||    61
       Petrifying        |       |       |     2 |     7 |     8 ||    17
       Paralysed         |       |       |       |    27 |    29 ||    56
       Confused          |       |       |       |     5 |     9 ||    14
       Distracted        |       |       |       |       |     2 ||     2
  Eat: Chunk             |     3 |     8 |    20 |    39 |    30 ||   100
       Fruit             |       |       |     3 |    13 |    28 ||    44
       Royal jelly       |       |       |       |       |     1 ||     1
       Pizza             |       |       |       |       |     1 ||     1
       Meat ration       |       |       |       |       |     1 ||     1
       Bread ration      |       |       |       |       |     1 ||     1

Table legend:
 A = Turns spent in this place as a percentage of turns spent in the entire game.
 B = Non-inter-level travel turns spent in this place as a percentage of non-inter-level travel turns spent in the entire game.
 C = Inter-level travel turns spent in this place as a percentage of turns spent in this place.
 D = Turns resting spent in this place as a percentage of non-inter-level travel turns spent in this place.
 E = Turns spent auto-exploring this place as a percentage of non-inter-level travel turns spent in this place.
 F = Non-inter-level travel turns spent in this place divided by the number of levels of this place that you've seen.
                   A       B       C       D       E      F
               +-------+-------+-------+-------+-------+----------------------
         Total | 100.0 | 100.0 |   0.7 |   0.9 |   0.3 | 722.8
       Dungeon |  54.3 |  54.2 |   0.9 |   0.9 |   0.3 | 783.0
          Lair |  29.9 |  29.9 |   0.6 |   1.1 |   0.2 | 810.8
  Orcish Mines |   9.9 |   9.9 |   0.6 |   0.3 |   0.6 | 538.8
         Abyss |   2.0 |   2.0 |   0.0 |   0.0 |   0.0 | 440.0
      Ice Cave |   3.1 |   3.1 |   0.0 |   0.3 |   0.0 | 683.0
       Volcano |   0.8 |   0.8 |   0.0 |   1.1 |   0.0 | 174.0
               +-------+-------+-------+-------+-------+----------------------

Table legend:
 A = Kills in this place as a percentage of kills in entire the game.
 B = Kills by you in this place as a percentage of kills by you in the entire game.
 C = Kills by friends in this place as a percentage of kills by friends in the entire game.
 D = Other kills in this place as a percentage of other kills in the entire game.
 E = Experience gained in this place as a percentage of experience gained in the entire game.
 F = Experience gained in this place divided by the number of levels of this place that you have seen.
                   A       B       C       D       E      F
               +-------+-------+-------+-------+-------+----------------------
         Total | 100.0 | 100.0 |  -nan | 100.0 | 100.0 | 5215.2
       Dungeon |  45.8 |  45.8 |  -nan |  50.0 |  45.8 | 4777.4
          Lair |  26.0 |  26.0 |  -nan |  16.7 |  35.2 | 6886.8
  Orcish Mines |  22.1 |  22.2 |  -nan |   0.0 |   7.4 | 2901.8
         Abyss |   1.3 |   1.4 |  -nan |   0.0 |   2.7 | 4243.0
      Ice Cave |   4.2 |   4.1 |  -nan |  33.3 |   8.1 | 12710.0
       Volcano |   0.5 |   0.5 |  -nan |   0.0 |   0.7 | 1140.0
               +-------+-------+-------+-------+-------+----------------------

Vault maps used:
D:1:      minmay_arrival_cross, minmay_misc_feat_five
D:2:      lemuel_round_altar, uniq_natasha, uniq_robin, uniq_iyjb
D:3:      first_bread, uniq_terence
D:5:      nicolae_ru_the_path_less_chosen, basic_altar, serial_shops,
          shop_fountains, kennysheep_mini_moat, shop_coins, shop
D:6:      kb_xom_exploding_sheep, minmay_misc_feat_pillars, uniq_edmund,
          uniq_duvessa
D:7:      lemuel_crystal_altar, temple_hall, uniq_crazy_yiuf_cottage
D:8:      nicolae_gozag_cash_rules_everything_around_me, kennysheep_mini,
          minitemple, due_lair_maze_entry_diamond, basic_altar, serial_shops,
          nicolae_shop_crystal, nicolae_shop_statue_plus,
          nicolae_shop_window_shopping, shop, hangedman_tree_tricks,
          fedhas_bush_and_centaur_altar
D:9:      minmay_weird_star, lemuel_crystal_altar, basic_altar,
          okawaru_metal_pillars_1_2
D:10:     erik_orc_1
D:11:     basic_altar, roderic_batcave
D:12:     minmay_quarter_circles, uniq_josephine
D:14:     david_vaults_2, hex_medium, uniq_rupert, uniq_nessos
D:15:     grunt_enter_depths_magical_seal, minmay_misc_feat_rows, st_stairs_6,
          nicolae_tso_swordbearing_angel
Lair:2:   grunt_megastairs_2, lemuel_fruit_fields, infiniplex_staircase_pool_2
Lair:3:   grunt_forest_small_clearings
Lair:4:   lemuel_fruit_tree, grunt_megastairs_4
Lair:5:   guppyfry_snake_entry_garden
Lair:6:   swamp_mist_pool
Lair:7:   fungi_pond_lemuel, st_stairs_5, grunt_megastairs_5
Lair:8:   minmay_lair_end_enchanted_forest, slime_altar_1, st_stairs_7,
          grunt_megastairs_3
Orc:1:    uniq_nergalle
Orc:2:    nicolae_volcano_entry_hallway
Orc:3:    portal_ice_cave_entry_ice_beasts, nicolae_orc_pool_cavern
Orc:4:    st_orc_ogre_mass
IceCv:    ice_cave_caverns_03
Volcano:  volcano_pools
